 Seeded DCSS version 0.30.1-4-g462c640d31 (webtiles) character file.

Game seed: 6351066067085065685 (custom seed)

2811 Esekla the Thaumaturge (level 9, -3/48 HPs)
             Began as a Deep Elf Wanderer on Sept 8, 2023.
             Was a Priest of Vehumet.
             Slain by a two-headed ogre
             ... wielding a +0 giant club
              (25 damage)
             ... on level 8 of the Dungeon.
             The game lasted 00:44:24 (6275 turns).

Esekla the Thaumaturge (Deep Elf Wanderer)          Turns: 6275, Time: 00:44:24

Health: -3/48      AC:  5    Str: 11    XL:     9   Next: 44%
Magic:  23/25      EV: 13    Int: 23    God:    Vehumet [***...]
Gold:   415        SH:  4    Dex: 11    Spells: 10/28 levels left

rFire   . . .        c - +4 scimitar
rCold   . . .        d - +0 buckler
rNeg    . . .        H - +0 robe
rPois   .            h - +0 helmet
rElec   .            C - +0 cloak
rCorr   .            j - +0 pair of gloves
SInv    .            (no boots)
Will    .....        B - amulet of magic regeneration
Stlth   +++          (no ring)
HPRegen 0.28/turn    (no ring)
MPRegen 0.59/turn

%: no passive effects
@: on blink cooldown
A: no striking features
a: Renounce Religion


You were on level 8 of the Dungeon.
You worshipped Vehumet.
Vehumet was most pleased with you.
You visited 1 branch of the dungeon, and saw 8 of its levels.

You collected 415 gold pieces.

Inventory:

Hand Weapons
 a - a +2 vampiric dagger
 c - a +4 scimitar (weapon)
 r - a +4 trident of venom
 s - the +5 rapier of the Hero {heavy, rN+ Dex+3}
   (You found it on level 3 of the Dungeon)

   Dex:       It affects your dexterity (+3).
   rN:        It protects you from negative energy.
Missiles
 y - 29 poisoned darts (quivered)
 G - 4 throwing nets
 K - 5 curare-tipped darts
Armour
 d - a +0 buckler (worn)
 h - a +0 helmet (worn)
 j - a +0 pair of gloves (worn)
 C - a +0 cloak (worn)
 H - a +0 robe (worn)
Jewellery
 B - an amulet of magic regeneration (around neck)
Wands
 n - a wand of flame (14)
 A - a wand of roots (17)
 E - a wand of mindburst (7)
Scrolls
 k - a scroll of enchant armour {unknown}
 l - 2 scrolls of amnesia {unknown}
 m - 3 scrolls of enchant weapon {unknown}
 o - 2 scrolls of fear
 p - a scroll of summoning {unknown}
 q - a scroll of immolation {unknown}
 t - 5 scrolls of blinking {unknown}
 v - 7 scrolls of identify {unknown}
 x - 2 scrolls of fog {unknown}
 D - 2 scrolls of poison {unknown}
 F - 2 scrolls of teleportation {unknown}
 I - a scroll of magic mapping {unknown}
 J - 3 scrolls of noise {unknown}
Potions
 b - 2 potions of lignification
 e - 6 potions of attraction {unknown}
 f - 2 potions of haste {unknown}
 g - 4 potions of curing
 i - a potion of mutation {unknown}
 u - 2 potions of heal wounds {unknown}
 w - 3 potions of ambrosia {unknown}
 z - 3 potions of brilliance {unknown}


   Skills:
 + Level 1.6 Fighting
 + Level 4.4 Short Blades
 + Level 2.9 Throwing
 + Level 5.0 Dodging
 + Level 4.6 Stealth
 + Level 2.6 Shields
 + Level 10.2 Spellcasting
 + Level 1.6 Conjurations
 + Level 6.4 Necromancy
 + Level 3.0 Translocations
 * Level 1.1 Transmutations
 * Level 0.6 Fire Magic
 * Level 0.8 Poison Magic
 + Level 1.0 Invocations
 + Level 0.4 Evocations


You had 10 spell levels left.
You knew the following spells:

 Your Spells              Type           Power      Damage    Failure   Level
a - Magic Dart            Conj           76%        1d6       1%          1
b - Blink                 Tloc           50%        N/A       3%          2
d - Vampiric Draining     Necr           41%        2d8       1%          3
e - Shock                 Conj/Air       60%        1d6       1%          1
f - Flame Wave            Conj/Fire      16%        2d7       13%         4
n - Ignite Poison         Fire/Tmut/Pois 15%        N/A       4%          3
p - Apportation           Tloc           50%        N/A       2%          1
t - Teleport Other        Tloc           25%        N/A       7%          3

Your spell library contained the following spells:

 Spells                   Type           Power      Damage    Failure   Level
 Lesser Beckoning         Tloc           50%        N/A       3%          2
 Gell's Gravitas          Tloc           25%        N/A       7%          3
 Spider Form              Tmut/Pois      16%        N/A       16%         3
 Cause Fear               Hex            5%         N/A       61%         4
 Summon Mana Viper        Hex/Summ       11%        N/A       91%         5


Dungeon Overview and Level Annotations

Branches:
Dungeon (8/15)             Temple (0/1) D:6
   Lair: D:8-11

Altars:
Dithmenos
Fedhas
Hepliaklqana
Okawaru
Qazlal
Trog
Vehumet
Zin

Shops:
D:2 =   D:4 (

Annotations:
D:7 Joseph


Message History

The orc hits you with a +0 dagger. x2
You climb upwards.
Level annotation: Joseph
There is a stone staircase leading down, spattered with blood here.
You see here a wand of polymorph (10).
You barely miss the orc. The orc completely misses you.
You hit the orc.
The orc is lightly wounded.
You block the orc's attack. The orc completely misses you.
You hit the orc.
The orc is almost dead.
The orc completely misses you.
You barely miss the orc.
The orc is almost dead.
The orc hits you with a +0 dagger.
You closely miss the orc.
The orc is almost dead.
The orc barely misses you. The orc misses you.
You completely miss the orc.
The orc is almost dead.
The orc hits you with a +0 dagger.
You slash the orc!
You kill the orc!
Vehumet accepts your kill.
Items here: ))) [ ÷.
Okay, then.
There is a stone staircase leading down, spattered with blood here.
You see here a wand of polymorph (10).
You start resting.
HP restored.
You climb downwards.
There is a stone staircase leading up, spattered with blood here.
Casting: Vampiric Draining (safe; 1% risk of failure)
Confirm with . or Enter, or press ? or * to list all spells.
You blink.
The two-headed ogre hits you with a +0 giant club!!
Ouch! That really hurt!
The two-headed ogre hits you with a +0 giant club!!
Ouch! That really hurt!
You die...

#... ...##
.... ..# $
####.# ..
....## ...
##..### ....
#.@O§.# o....
##.##.##......
#.##..)#
#.####)# #.#
.# #.# .# ...
.# ... .# ..


You could see a two-headed ogre.

Vanquished Creatures
  Pikel (D:6)
  A steam dragon (D:7)
  A wyvern (D:7)
  Menkaure (D:7)
  An ice beast (D:6)
  A sky beast (D:6)
  A black bear (D:6)
  2 ogres
  A centaur (D:7)
  A phantom (D:7)
  Blork the orc (D:6)
  2 kobold brigands
  A gnoll sergeant (D:7)
  A bullfrog (D:7)
  2 scorpions (D:5)
  3 wights (D:7)
  A quasit (D:7)
  6 hounds
  A jelly (D:6)
  Crazy Yiuf (D:7)
  An orc priest (D:7)
  5 iguanas
  An orc wizard (D:7)
  9 adders
  6 gnolls
  2 shadow imps (D:7)
  5 white imps
  3 ufetubi
  2 dart slugs
  14 orcs
  6 ball pythons
  4 endoplasms
  8 goblins
  4 hobgoblins
  A quokka (D:1)
  4 bats
  4 frilled lizards
  13 kobolds
  A rat (D:2)
123 creatures vanquished.

Notes
Turn   | Place    | Note
-------+----------+-------------------------------------------
     0 | D:1      | Esekla the Deep Elf Wanderer began the quest for the Orb.
     0 | D:1      | Esekla set off with the following items: a +0 club, a
                  | potion of lignification, a +0 robe, a +0 buckler; and the
                  | following spells available to memorise: Apportation, Blink,
                  | Lesser Beckoning, Magic Dart, Ignite Poison, Vampiric
                  | Draining.
     0 | D:1      | Reached XP level 1. HP: 10/10 MP: 7/7
     2 | D:1      | Learned a level 1 spell: Magic Dart
     4 | D:1      | Learned a level 1 spell: Apportation
   175 | D:2      | Found Renulab's Jewellery Shop.
   292 | D:4      | Found an iron altar of Okawaru.
   304 | D:4      | Found a glowing silver altar of Zin.
   393 | D:4      | Found a radiant altar of Vehumet.
   397 | D:4      | Became a worshipper of Vehumet
   675 | D:3      | Reached XP level 2. HP: 11/15 MP: 7/9
   678 | D:3      | Learned a level 2 spell: Blink
   777 | D:4      | Found Ponaysk's Antique Weapon Boutique.
   825 | D:5      | Entered Level 5 of the Dungeon
   911 | D:4      | Reached skill level 5 in Spellcasting
  1170 | D:3      | Identified the +5 rapier of the Hero {heavy, rN+ Dex+3}
  1180 | D:2      | Reached skill level 1 in Dodging
  1188 | D:2      | Reached XP level 3. HP: 14/19 MP: 8/11
  1192 | D:2      | Learned a level 3 spell: Vampiric Draining
  1434 | D:1      | Reached * piety under Vehumet
  1434 | D:1      | Offered knowledge of Shock by Vehumet.
  1440 | D:1      | Learned a level 1 spell: Shock
  1595 | D:1      | Reached skill level 1 in Conjurations
  1860 | D:2      | Reached XP level 4. HP: 24/24 MP: 11/13
  2064 | D:2      | Noticed a black bear
  2229 | D:2      | Reached skill level 1 in Necromancy
  2248 | D:2      | Found a faded altar of an unknown god.
  2525 | D:3      | Found a stormy altar of Qazlal.
  2528 | D:3      | Found a hazy altar of Hepliaklqana.
  2528 | D:3      | Found a bloodstained altar of Trog.
  2548 | D:3      | Reached XP level 5. HP: 15/28 MP: 0/15
  2884 | D:5      | Found a shadowy altar of Dithmenos.
  3028 | D:5      | Reached skill level 1 in Short Blades
  3199 | D:5      | Reached skill level 6 in Spellcasting
  3203 | D:5      | Reached XP level 6. HP: 22/33 MP: 4/17
  3457 | D:6      | Found a staircase to the Ecumenical Temple.
  3584 | D:6      | Noticed an ice beast
  3591 | D:6      | Noticed Pikel
  3616 | D:7      | Found a runed translucent door.
  3617 | D:7      | Noticed Crazy Yiuf
  3623 | D:7      | Killed Crazy Yiuf
  3683 | D:7      | Noticed a wyvern
  3696 | D:7      | Killed a wyvern
  3696 | D:7      | Reached ** piety under Vehumet
  3696 | D:7      | Offered knowledge of Sandblast by Vehumet.
  3697 | D:7      | Reached skill level 7 in Spellcasting
  3697 | D:7      | Reached XP level 7. HP: 37/37 MP: 11/19
  3802 | D:7      | Noticed Menkaure
  3811 | D:7      | Killed Menkaure
  3958 | D:7      | Reached skill level 1 in Fighting
  4014 | D:7      | Reached skill level 8 in Spellcasting
  4211 | D:6      | Noticed Blork the orc
  4231 | D:6      | Killed Blork the orc
  4232 | D:6      | Reached XP level 8. HP: 16/43 MP: 8/22
  4280 | D:5      | Learned a level 3 spell: Teleport Other
  4380 | D:5      | Reached skill level 1 in Throwing
  4526 | D:5      | Got the Parchment of the Lumpy Olives
  4580 | D:5      | Offered knowledge of Inner Flame by Vehumet.
  4684 | D:5      | Reached skill level 5 in Necromancy
  5094 | D:6      | Killed Pikel
  5095 | D:6      | Reached skill level 9 in Spellcasting
  5297 | D:6      | Reached *** piety under Vehumet
  5298 | D:6      | Reached XP level 9. HP: 43/47 MP: 11/24
  5399 | D:6      | Found a blossoming altar of Fedhas.
  5531 | D:7      | Reached skill level 10 in Spellcasting
  5732 | D:7      | Noticed Joseph
  5780 | D:7      | Learned a level 3 spell: Ignite Poison
  6107 | D:7      | Offered knowledge of Flame Wave by Vehumet.
  6108 | D:7      | Reached skill level 5 in Dodging
  6114 | D:7      | Learned a level 4 spell: Flame Wave
  6210 | D:7      | Reached skill level 1 in Transmutations
  6253 | D:8      | Noticed a two-headed ogre
  6275 | D:8      | Slain by a two-headed ogre

Illustrated notes

Levels and vault maps discovered:
D:1:      sevenhm_arrival_forest_fort_small_3, layout_rooms,
          chequers_serial_rivers_room_b, minmay_misc_feat_five
D:2:      layout_loops_ring, dreamdust_ecumenical_altar_angels_and_demons,
          serial_shops, shop
D:3:      layout_basic, grunt_temple_overflow_open, minmay_misc_feat_iff
D:4:      layout_basic, nicolae_overflow_quartered_altars, serial_shops,
          nicolae_diamond_shop
D:5:      layout_loops_ring, lemuel_doored_altar, minmay_misc_feat_rows,
          dreamdust_wishing_well
D:6:      layout_loops_cross, fedhas_altar_fruit_tree,
          minmay_temple_entry_glass, uniq_pikel, uniq_blork_the_orc
D:7:      layout_basic, uniq_menkaure, uniq_joseph, uniq_crazy_yiuf_cottage
D:8:      layout_basic, nicolae_uskayaw_dance_hall, serial_demonic,
          serial_demonic_d, serial_demonic_a, serial_demonic_c,
          serial_demonic_c, nicolae_diode_quadrants

Skill      XL: |  1  2  3  4  5  6  7  8  9 |
---------------+----------------------------+-----
Spellcasting   | 5 6 7 8 9 10 | 10.2
Dodging        | 1 2 3 4 5 |  5.0
Conjurations   | 1 |  1.6
Stealth        | 2 3 4 |  4.6
Necromancy     | 1 2 4 5 6 |  6.4
Shields        | 2 |  2.6
Short Blades   | 1 2 3 4 |  4.4
Fighting       | 1 |  1.6
Translocations | 3 |  3.0
Throwing       | 2 |  2.9
Transmutations | 1 |  1.1
Fire Magic     | |  0.6
Poison Magic   | |  0.8
Invocations    | |  1.0
Evocations     | |  0.4

Action                     |  1- 3 |  4- 6 |  7- 9 || total
---------------------------+-------+-------+-------++-------
  Melee: Short sword       |    87 |    67 |     6 ||   160
         Club              |     1 |       |       ||     1
         Rapier            |       |     2 |    94 ||    96
         Scimitar          |       |       |    14 ||    14
  Throw: Dart              |       |     4 |    31 ||    35
   Cast: Apportation       |    27 |    15 |     4 ||    46
         Magic Dart        |    46 |     9 |    20 ||    75
         Vampiric Draining |     1 |    21 |    33 ||    55
         Blink             |       |       |     1 ||     1
  Evoke: Wand              |       |       |     8 ||     8
    Use: Scroll            |     1 |       |       ||     1
         Potion            |       |       |     1 ||     1
   Stab: Sleeping          |     1 |     8 |     4 ||    13
 Armour: Robe              |    25 |    10 |    40 ||    75
  Dodge: Dodged            |    47 |    44 |   126 ||   217
  Block: Buckler           |    16 |    16 |    34 ||    66
